 Dungeon Crawl Stone Soup version 0.24.1-4-ge52af88ad5 (webtiles) character file.

Game seed: 9222377458396455994, levelgen mode: deterministic

30 Heliosone the Gusty (level 3, 4/19 HPs)
             Began as a Tengu Air Elementalist on Apr 14, 2020.
             Quit the game on level 2 of the Dungeon.
             The game lasted 00:02:37 (1314 turns).

Heliosone the Gusty (Tengu Air Elementalist)        Turns: 1314, Time: 00:02:38

Health: 4/19       AC:  2    Str:  8    XL:     3   Next: 18%
Magic:  0/7        EV: 12    Int: 16    God:
Gold:   79         SH:  0    Dex: 14    Spells: 3/6 levels left

rFire    . . .     SeeInvis .   d - +0 dagger
rCold    . . .     Gourm    .   (no shield)
rNeg     . . .     Faith    .   a - +0 robe
rPois    .         Spirit   .   (helmet restricted)
rElec    .         Reflect  .   (no cloak)
rCorr    .         Harm     .   (no gloves)
MR       .....                  (boots unavailable)
Stlth    ++........             (no amulet)
HPRegen  0.06/turn              (no ring)
MPRegen  0.10/turn              (no ring)

@: lethally poisoned (4 -> -1)
A: beak, talons 3
a: no special abilities


You were on level 2 of the Dungeon.
You were not hungry.

You visited 1 branch of the dungeon, and saw 2 of its levels.

You collected 79 gold pieces.

Inventory:

Hand Weapons
 d - a +0 dagger (weapon)
Armour
 a - a +0 robe (worn)
Jewellery
 f - an uncursed ring of protection from cold {unknown}
 l - an uncursed ring of flight {unknown}
 n - an uncursed ring of resist corrosion {unknown}
Scrolls
 e - 4 scrolls of remove curse {unknown}
 g - 3 scrolls of identify {unknown}
 h - 2 scrolls of enchant weapon {unknown}
 j - a scroll of enchant armour {unknown}
 m - 3 scrolls of amnesia {unknown}
 o - a scroll of magic mapping {unknown}
 p - a scroll of fear {unknown}
Potions
 b - a potion of haste {unknown}
 i - a potion of ambrosia {unknown}
 k - a potion of brilliance {unknown}
 r - a potion of degeneration {unknown}
 s - a potion of cancellation {unknown}
Comestibles
 c - 2 rations
 q - 3 chunks of flesh


   Skills:
 - Level 2.1 Dodging
 - Level 2.0 Stealth
 - Level 2.0 Spellcasting
 - Level 1.3 Conjurations
 + Level 5.6 Air Magic


You had 3 spell levels left.
You knew the following spells:

 Your Spells              Type           Power        Failure   Level  Hunger
a - Shock                 Conj/Air       ##..         4%          1    #......
b - Swiftness             Chrm/Air       ##......     10%         2    ###....

Your spell library contained the following spells:

 Spells                   Type           Power        Failure   Level  Hunger
 Static Discharge         Conj/Air       ##......     14%         3    ###....
 Airstrike                Air            ###.......   21%         4    #####..
 Lightning Bolt           Conj/Air       ##........   80%         5    ######.


Dungeon Overview and Level Annotations

Branches:
Dungeon (2/15)

Altars:


Innate Abilities, Weirdness & Mutations

You have a beak for a mouth.
You have claws for feet.


Message History

Aiming: Shock (safe; 4% risk of failure)
Press: ? - help, Shift-Dir - straight line, f/p - adder
Aim: an adder (moderately wounded)
The zap misses the adder.
* * * LOW HITPOINT WARNING * * *
You feel sick. The adder barely misses you.
Casting: Shock (safe; 4% risk of failure)
Confirm with . or Enter, or press ? or * to list all spells.
Aiming: Shock (safe; 4% risk of failure)
Press: ? - help, Shift-Dir - straight line, f/p - adder
Aim: an adder (moderately wounded)
The zap hits the adder.
The adder is severely wounded.
You no longer feel sluggish.
The adder closely misses you. The adder barely misses you.
Casting: Shock (safe; 4% risk of failure)
Confirm with . or Enter, or press ? or * to list all spells.
You don't have enough magic to cast that spell.
Unknown command.
Are you sure you want to abandon this character and quit the game? (Confirm with "yes".)

#....... ############## #.......
## #............# #....... ..
#........[...##########.......
...#....(.......##...............
...#............##.........######
................##.........##
..##............##(.........#####
. #....####.....@S...............
#....# #.######..........#####
#....# #.# #..........# #...<#
#.# #..........# #...##
#..........# #...# #..........#
#...# #.......(..# #...#
#..........# #...# #..<.......#


You could see an adder.

Vanquished Creatures
  An ooze (D:1)
  3 dart slugs
  A leopard gecko (D:1)
  2 bats
  A goblin (D:1)
  A hobgoblin (D:1)
  5 kobolds
  2 frilled lizards (D:1)
  3 rats
19 creatures vanquished.

Notes
Turn   | Place    | Note
-------+----------+-------------------------------------------
     0 | D:1      | Heliosone the Tengu Air Elementalist began the quest for
                  | the Orb.
     0 | D:1      | Reached XP level 1. HP: 10/10 MP: 4/4
   380 | D:1      | Reached XP level 2. HP: 15/15 MP: 3/6
   645 | D:1      | Reached skill level 5 in Air Magic
   649 | D:1      | Learned a level 2 spell: Swiftness
  1085 | D:1      | Reached XP level 3. HP: 17/19 MP: 3/7
  1314 | D:2      | Quit the game

Levels and vault maps discovered:
D:1:      zelgadis_glass_arrival_small, layout_rooms
D:2:      layout_basic

Skill      XL: |  1  2 |
---------------+-------+-----
Air Magic      | 5 |  5.6
Dodging        | |  2.1
Stealth        | |  2.0
Spellcasting   | |  2.0
Conjurations   | |  1.3

Action                   || total
-------------------------++-------
Melee: Dagger            ||     1
 Cast: Shock             ||    48
       Swiftness         ||     1
  Eat: Chunk             ||     2
Armor: Robe              ||     2
Dodge: Dodged            ||    18
